AoeStats
← unavezmasak

Arena

510455859Analyzed
1v1 RM · 16h ago on Oct 1, 2026· 33m 47s· 2 players
Game mode
Random Map
Map size
Tiny (2 player)
Population
200
Speed
Normal
Resources
Standard
Victory
Conquest
Starting age
Dark Age
Ending age
Imperial Age
RankedLock teamsTeams togetherTeam positionsShared explorationLock speedFull tech treeHidden civsTurbo modeCheats
Victory
Defeat
🇦🇷 Celts · Argentina
817
+18
🇦🇷 Bulgarians · Argentina
860
-49
unavezmasak
9:27 Feudal Age
11:10 Double-Bit Axe
17:37 Castle Age
16:51 Horse Collar
17:35 Forging
17:26 Scale Mail Armor
17:59 Pikeman
18:52 Bow Saw
33:58 Iron Casting
33:38 Chain Mail Armor
jonafaca
10:55 Feudal Age
16:49 Castle Age
15:55 Double-Bit Axe
15:59 Horse Collar
16:36 Gold Mining
19:57 Forging
25:30 Scale Barding Armor
26:27 Scale Mail Armor
27:31 Chain Mail Armor
27:41 Chain Barding Armor
30:37 Chain Mail Armor
Connection lost

Rejoining the realm…

Still unreachable

The connection could not be restored.

Session expired

The server has moved on; the page needs a fresh start.